 Dungeon Crawl Stone Soup version 0.29.1-12-g30fa7ad0bf (webtiles) character file.

Game seed: 11431174718971533419

106 Radix the Sneak (level 5, 0/32 HPs)
             Began as a Kobold Brigand on Jan 5, 2023.
             Succumbed to a goblin's poison
             ... on level 2 of the Dungeon.
             The game lasted 00:09:17 (2657 turns).

Radix the Sneak (Kobold Brigand)                    Turns: 2657, Time: 00:09:18

Health: 0/32       AC:  3    Str:  8    XL:     5   Next: 10%
Magic:  5/5        EV: 14    Int: 12    God:
Gold:   65         SH:  0    Dex: 19    Spells: 4/4 levels left

rFire   . . .      SeeInvis +   a - +2 dagger
rCold   . . .      Faith    .   (no shield)
rNeg    . . .      Spirit   .   b - +0 robe
rPois   .          Reflect  .   (no helmet)
rElec   .          Harm     .   c - +0 cloak
rCorr   .          Rampage  .   (no gloves)
Will    .....                   (no boots)
Stlth   ++++......              g - amulet of the acrobat
HPRegen 0.10/turn               i - ring of see invisible
MPRegen 0.09/turn               (no ring)

@: lethally poisoned (0 -> -15), flying
A: small, no large weapons, nightstalker 3
a: no special abilities


You were on level 2 of the Dungeon.
You visited 1 branch of the dungeon, and saw 2 of its levels.

You collected 65 gold pieces.

Inventory:

Hand Weapons
 a - a +2 dagger (weapon)
Missiles
 d - 6 poisoned darts (quivered)
 e - 3 curare-tipped darts
Armour
 b - a +0 robe (worn)
 c - a +0 cloak (worn)
Jewellery
 g - an amulet of the acrobat (around neck)
 i - a ring of see invisible (left hand)
Scrolls
 h - a scroll of teleportation


   Skills:
 + Level 3.6 Fighting
 + Level 4.4 Short Blades
 - Level 2.5 Throwing
 - Level 1.2 Dodging
 + Level 6.0 Stealth


You had 4 spell levels left.
You didn't know any spells.
Your spell library contained the following spells:

 Spells                   Type           Power      Damage    Failure   Level
 Sublimation of Blood     Necr           0%         N/A       45%         2
 Petrify                  Tmut/Erth      0%         N/A       97%         4
 Irradiate                Conj/Tmut      0%         3d11      100%        5


Dungeon Overview and Level Annotations

Branches:
Dungeon (2/15)

Altars:
Elyvilon


Innate Abilities, Weirdness & Mutations

You are small and have problems with some larger weapons.
You are completely attuned to the shadows.


Message History

a +0 dagger; a goblin corpse The goblin hits you with a +0 dagger of venom.
You are poisoned.
You barely miss the goblin.
You feel sick. The goblin closely misses you.
You hit the goblin but do no damage.
You feel sick. The goblin hits you but does no damage.
You are more poisoned.
You hit the goblin.
The goblin is heavily wounded.
You feel sick. The goblin barely misses you.
You barely miss the goblin.
The goblin is heavily wounded.
You feel sick.
You hit the goblin but do no damage.
The goblin is heavily wounded.
You feel sick. The goblin hits you but does no damage.
You are more poisoned.
You hit the goblin.
The goblin is severely wounded.
You feel very sick.
The goblin hits you with a +0 dagger of venom.
You are more poisoned.
You hit the goblin.
You kill the goblin!
You feel very sick.
* * * LOW HITPOINT WARNING * * *
You feel very sick.
Things that are here:
a +0 dagger of venom; a goblin corpse
Okay, then.
It was a potion of flight.
You feel very buoyant.
You fly up into the air.
* * * LOW HITPOINT WARNING * * *
You feel very sick.
There is a lethal amount of poison in your body!
As you read the scroll labelled HOFIS ZILE, it crumbles to dust.
It is a scroll of identify.
You don't have any unidentified items.
You die...

###....##########......##
###.## #.............##
####.####.......)._.....
#......##....<..).....##
#.##)#.##..........)..#
#.##.#.##.......###.#)#
#.#..#.##.......# #...#
##.#.##.##.......# ###.#
#......^@..)..########.#
#.##.#..#####.#........#
#.##.#....###.#..####..#
###.##....###...##.......#
#.......###......#.####.##
#...#####........##.....#
#.###.............#######
###...##..........#
###......#...........#


There were no monsters in sight!

Vanquished Creatures
  Terence (D:2)
  Robin (D:2)
  An adder (D:2)
  2 dart slugs
  5 ball pythons (D:1)
  10 bats
  3 endoplasms
  2 giant cockroaches (D:1)
  12 goblins
  3 hobgoblins
  3 jackals (D:2)
  3 quokkas (D:1)
  A frilled lizard (D:1)
  3 kobolds (D:1)
  3 rats (D:1)
53 creatures vanquished.

Notes
Turn   | Place    | Note
-------+----------+-------------------------------------------
     0 | D:1      | Radix the Kobold Brigand began the quest for the Orb.
     0 | D:1      | Reached XP level 1. HP: 12/12 MP: 1/1
   542 | D:1      | Reached XP level 2. HP: 18/18 MP: 2/2
   744 | D:1      | Found a faded altar of an unknown god.
   881 | D:1      | Reached XP level 3. HP: 14/22 MP: 3/3
  1595 | D:2      | Found a white marble altar of Elyvilon.
  1764 | D:2      | Noticed Terence
  1793 | D:2      | Reached XP level 4. HP: 26/28 MP: 4/4
  1799 | D:2      | Killed Terence
  2281 | D:2      | Noticed Robin
  2387 | D:2      | Killed Robin
  2462 | D:2      | Reached XP level 5. HP: 17/32 MP: 5/5
  2616 | D:2      | Reached skill level 6 in Stealth
  2657 | D:2      | Succumbed to a goblin's poison

Illustrated notes

Levels and vault maps discovered:
D:1:      dpeg_arrival_water_temple_mockup, layout_basic,
          dreamdust_ecumenical_altar_hidden_monk_grotto,
          chequers_serial_rivers_large_b, st_stairs_3
D:2:      minmay_skewed_foursquare, layout_loops_cross, basic_altar,
          st_stairs_13, minmay_tetromino_t2, uniq_robin, uniq_terence

Skill      XL: |  1  2  3  4  5 |
---------------+----------------+-----
Short Blades   | 3 4 |  4.4
Fighting       | 3 |  3.6
Stealth        | 6 |  6.0
Throwing       | |  2.5
Dodging        | |  1.2

Action                   |  1- 3 |  4- 6 || total
-------------------------+-------+-------++-------
Melee: Dagger            |    96 |    55 ||   151
       Punch             |       |     2 ||     2
Throw: Dart              |     5 |    10 ||    15
  Use: Scroll            |       |     2 ||     2
       Potion            |       |     2 ||     2
 Stab: Sleeping          |    17 |       ||    17
Armor: Robe              |    20 |    10 ||    30
Dodge: Dodged            |    76 |    35 ||   111
